 Dungeon Crawl Stone Soup version 0.30-a0-748-ge6a52f7cba (webtiles) character file.

Game seed: 18373729932875109574

315 retardedninja the Ducker (level 6, 0/52 HPs)
             Began as a Merfolk Gladiator on Feb 8, 2023.
             Slain by an orc
             ... wielding a +0 flail
              (4 damage)
             ... on level 3 of the Dungeon.
             The game lasted 00:03:09 (2310 turns).

retardedninja the Ducker (Merfolk Gladiator)        Turns: 2310, Time: 00:03:09

Health: 0/52       AC: 10    Str: 17    XL:     6   Next: 44%
Magic:  6/6        EV:  8    Int:  7    God:
Gold:   94         SH:  0    Dex: 15    Spells: 5/5 levels left

rFire   . . .      SeeInvis .    a - +0 trident
rCold   . . .      Faith    .    (no shield)
rNeg    . . .      Spirit   .    g - +0 chain mail
rPois   .          Reflect  .    c - +0 helmet
rElec   .          Harm     .    (no cloak)
rCorr   .          Rampage  .    (no gloves)
Will    .....                    f - +0 pair of boots Stlth
                                 (no amulet)
HPRegen 0.28/turn                (no ring)
MPRegen 0.10/turn                (no ring)

@: hasted, very quick
A: (nimble swimmer 2), mertail, robust 1
a: no special abilities


You were on level 3 of the Dungeon.
You visited 1 branch of the dungeon, and saw 3 of its levels.

You collected 94 gold pieces.

Inventory:

Hand Weapons
 a - a +0 trident (weapon)
Missiles
 d - 3 throwing nets (quivered)
 e - a javelin
Armour
 c - a +0 helmet (worn)
 f - a +0 pair of boots (worn)
 g - a +0 chain mail (worn)
Jewellery
 k - a ring of protection from fire
Scrolls
 b - a scroll of teleportation {unknown}
 h - 3 scrolls of fog {unknown}
 i - 4 scrolls of identify {unknown}
 j - a scroll of vulnerability {unknown}
 o - a scroll of silence {unknown}
 q - 2 scrolls of magic mapping {unknown}
 s - a scroll of fear {unknown}
 t - a scroll of torment {unknown}
 u - a scroll of brand weapon {unknown}
Potions
 l - a potion of might {unknown}
 m - a potion of curing
 n - a potion of cancellation
 p - a potion of berserk rage {unknown}
 r - a potion of haste
 v - a potion of attraction {unknown}


   Skills:
 + Level 4.0 Fighting
 + Level 5.7 Polearms
 + Level 3.6 Throwing
 + Level 5.7 Dodging


You had 5 spell levels left.
You didn't know any spells.
Your spell library contained the following spells:

 Spells                   Type           Power      Damage    Failure   Level
 Foxfire                  Conj/Fire      0%         2x1d4     100%        1
 Sting                    Tmut/Pois      0%         1d3       100%        1
 Ensorcelled Hibernation  Hex/Ice        0%         N/A       100%        2
 Passwall                 Tmut/Erth      0%         N/A       100%        2
 Poisonous Vapours        Pois/Air       0%         N/A       100%        2
 Portal Projectile        Hex/Tloc       0%         N/A       100%        3
 Swiftness                Air            0%         N/A       100%        3
 Tukima's Dance           Hex            0%         N/A       100%        3
 Olgreb's Toxic Radiance  Pois           0%         N/A       100%        4
 Blade Hands              Tmut           0%         N/A       100%        5
 Fireball                 Conj/Fire      0%         3d3       100%        5
 Starburst                Conj/Fire      0%         6d3       100%        6


Dungeon Overview and Level Annotations

Branches:
Dungeon (3/15)

Altars:
Qazlal
Xom

Shops:
D:1 :


Innate Abilities, Weirdness & Mutations

((You are very nimble when in or above water. (Stealth+, EV+, Speed+++)))
Your lower body shifts to a powerful aquatic tail in water.
You are robust. (+10% HP)


Message History

You are too injured to fight recklessly!
An orc is nearby!
You miss something. Something hits you but does no damage.
The orc closely misses you.
You miss something.
You hear some strange, mumbled words.
A puff of flame appears from out of thin air!
The puff of flame hits you! The orc hits you with a +0 flail!
You barely miss something. Something hits you but does no damage.
The orc hits you with a +0 flail.
You miss something. Something hits you but does no damage. The orc misses you.
You hit something. Something hits you. The orc closely misses you.
You closely miss something. You closely miss the orc.
Something hits you but does no damage. The orc hits you but does no damage.
You barely miss the orc. Something hits you. The orc closely misses you.
You hit something. Something hits you but does no damage.
The orc hits you but does no damage.
You closely miss something. Something hits you.
* * * LOW HITPOINT WARNING * * *
The orc hits you but does no damage.
You hit something. Something hits you but does no damage.
The orc closely misses you.
You miss something.
You hear some strange, mumbled words.
A magic dart appears from out of thin air!
The magic dart hits you.
* * * LOW HITPOINT WARNING * * *
The orc hits you with a +0 flail.
* * * LOW HITPOINT WARNING * * *
It was a potion of curing.
You feel better. Something hits you but does no damage.
The orc hits you with a +0 flail!
* * * LOW HITPOINT WARNING * * *
It was a potion of haste.
You feel yourself speed up. Something hits you.
* * * LOW HITPOINT WARNING * * *
The orc hits you with a +0 flail.
* * * LOW HITPOINT WARNING * * *
You barely miss something. Something hits you but does no damage.
The orc hits you with a +0 flail.
You die...

.###.# #.#.## ...##
### #..# #.. ...# #
#.# #
#.###########?##.##.#
..###.#....<#.......#
...#<#......# #o####
....###.....# #@{..#
...## ##....# ####.#
.#..###.>...# #.#
...#.#.###### #.#
#####.## #.# ## ###
#.# .### #.# ...# #.#
~..# ###########.#


You could see an orc.

Vanquished Creatures
  A necrophage (D:3)
  4 crimson imps (D:3)
  4 adders
  A dart slug (D:1)
  9 orcs (D:3)
  6 endoplasms
  2 giant cockroaches
  A goblin (D:3)
  4 hobgoblins
  8 jackals
  5 kobolds
  A quokka (D:1)
  6 ball pythons
  4 bats
  6 frilled lizards
  11 rats
73 creatures vanquished.

Notes
Turn   | Place    | Note
-------+----------+-------------------------------------------
     0 | D:1      | retardedninja the Merfolk Gladiator began the quest for the
                  | Orb.
     0 | D:1      | Reached XP level 1. HP: 16/16 MP: 1/1
   172 | D:1      | Reached XP level 2. HP: 23/23 MP: 2/2
   324 | D:1      | Reached XP level 3. HP: 28/28 MP: 3/3
   349 | D:1      | Found Upruusmoikk's Book Shoppe.
   969 | D:2      | Gained mutation: You are robust. (+10% HP) [potion of
                  | mutation]
   975 | D:2      | Reached XP level 4. HP: 28/37 MP: 4/4
  1090 | D:2      | Found a faded altar of an unknown god.
  1456 | D:3      | Noticed a necrophage
  1473 | D:3      | Killed a necrophage
  1474 | D:3      | Reached skill level 5 in Polearms
  1474 | D:3      | Reached skill level 5 in Dodging
  1474 | D:3      | Reached XP level 5. HP: 39/45 MP: 5/5
  1713 | D:3      | Found a stormy altar of Qazlal.
  1781 | D:3      | Found a shimmering altar of Xom.
  1828 | D:3      | Reached XP level 6. HP: 43/52 MP: 6/6
  2310 | D:3      | Slain by an orc

Illustrated notes

Levels and vault maps discovered:
D:1:      eino_arrival_tree_alley, layout_basic, serial_shops,
          nicolae_shop_stone, minmay_rat_gold_closets
D:2:      layout_basic, hellmonk_ecumenical_altar_inner_sanctum
D:3:      layout_loops_cross, led_xom_imps, nicolae_qazlal_scattered_showers

Skill      XL: |  1  2  3  4  5  6 |
---------------+-------------------+-----
Fighting       | 3 4 |  4.0
Polearms       | 5 |  5.7
Throwing       | 3 |  3.6
Dodging        | 5 |  5.7

Action                     |  1- 3 |  4- 6 || total
---------------------------+-------+-------++-------
  Melee: Trident           |   123 |   165 ||   288
         Punch             |     1 |     3 ||     4
    Use: Potion            |     4 |     2 ||     6
 Armour: Chain mail        |    79 |    90 ||   169
         Leather armour    |     1 |       ||     1
  Dodge: Dodged            |    39 |    47 ||    86

Table legend: (Time is in decaauts)
 A = Elapsed time spent in this place.
 B = Non-inter-level travel time spent in this place.
 C = Inter-level travel time spent in this place.
 D = Time resting spent in this place.
 E = Time spent auto-exploring this place.
 F = Levels seen in this place.
 G = Mean time per level.
                   A        B        C        D        E       F      G
               +--------+--------+--------+--------+--------+-----+--------+
         Total |   2325 |   2268 |     57 |    122 |   1656 |   3 |  775.0 |
       Dungeon |   2325 |   2268 |     57 |    122 |   1656 |   3 |  775.0 |
               +--------+--------+--------+--------+--------+-----+--------+

Top non-repeatable levels by time:
     D:3: 960 daAuts
     D:2: 766 daAuts
     D:1: 598 daAuts
